Map: Lightshade LE

Players

PiLiPiLi

  • Race: Protoss Protoss
  • League: Grandmaster
  • Spawn Location: 11:00

Future - Winner!

  • Race: Terran Terran
  • Spawn Location: 5:00

Event: DreamHack SC2 Masters 2020 Winter

VOD

Have the link to the VOD?

Description

Time

  • Played on: Nov. 1, 2020, 2:41 p.m.
  • Length: 8:08

All games in this series

Show
View Real Time Build Order
Export as new Build Order

PiLiPiLi Protoss 

Build Orders: 1 Gate Expand, Dark Templar Rush 

Get SALT Encoding   

  12  0:00  Probe  
  13  0:12  Probe  
  14  0:18  Pylon  
  14  0:24  Probe (Chrono Boost)  
  15  0:37  Gateway, Probe (Chrono Boost)  
  16  0:45  Probe (Chrono Boost)  
  16  0:46  Assimilator  
  17  0:51  Probe  
  18  1:03  Probe  
  19  1:15  Probe  
  20  1:22  Nexus  
  20  1:32  Cybernetics Core  
  20  1:34  Probe  
  21  1:40  Assimilator  
  21  1:46  Probe  
  22  1:51  Pylon  
  22  1:58  Probe  
  23  2:06  Stalker (Chrono Boost)  
  23  2:09  Warp Gate  
  23  2:10  Probe  
  26  2:20  Pylon  
  26  2:23  Probe  
  26  2:28  Twilight Council  
  27  2:36  Probe  
  28  2:37  Probe  
  29  2:46  Stalker  
  29  2:48  Probe (Chrono Boost)  
  33  2:54  Probe (Chrono Boost)  
  33  3:00  Probe (Chrono Boost)  
  35  3:05  Probe (Chrono Boost), Dark Shrine  
  35  3:06  Probe (Chrono Boost)  
  36  3:14  Probe  
  36  3:15  Probe  
  36  3:17  Gateway  
  38  3:26  Robotics Facility, Probe  
  39  3:28  Probe  
  40  3:39  Probe  
  40  3:40  Probe  
  42  3:41  Gateway  
  42  3:45  Shield Battery  
  42  3:51  Pylon, Probe  
  43  3:58  Probe  
  43  4:02  Pylon, Shield Battery  
  44  4:10  Warp Prism (Chrono Boost)  
  48  4:19  Dark Templar x2  
  48  4:21  Shadow Stride (Chrono Boost), Probe x2  
  48  4:22  Assimilator  
  52  4:40  Gateway  
  52  4:42  Gateway x2  
  52  4:44  Charge (Chrono Boost)  
  50  5:00  Dark Templar  
  52  5:07  Gateway  
  52  5:09  Gateway  
  52  5:10  Gateway  
  52  5:14  Pylon  
  52  5:27  Dark Templar  
  53  5:36  Dark Templar, Zealot  
  53  5:37  Zealot x2  
  53  5:39  Pylon  
  61  5:52  Dark Templar  
  63  6:00  Pylon, Probe x2  
  63  6:01  Pylon  
  63  6:02  Assimilator  
  63  6:03  Dark Templar, Pylon  
  63  6:04  Zealot x3  
  69  6:08  Zealot  
  69  6:09  Zealot x2  
  79  6:12  Probe  
  80  6:38  Dark Templar  
  80  6:39  Dark Templar, Zealot x4  
  92  6:40  Zealot x3  
  82  7:01  Zealot x3  
  82  7:02  Zealot x3  
  82  7:06  Zealot  
  78  7:11  Dark Templar x2  
  48  7:31  Dark Templar, Zealot x6  
  62  7:44  Dark Templar, Zealot  
  66  7:49  Dark Templar  
  66  7:50  Zealot x2  
  72  7:51  Zealot  
Show
View Real Time Build Order
Export as new Build Order

Future Terran - Winner!

Build Orders: Reaper Expand 

Get SALT Encoding   

  12  0:00  SCV  
  13  0:12  SCV  
  14  0:17  Supply Depot  
  14  0:24  SCV  
  15  0:38  SCV  
  15  0:40  Barracks  
  16  0:43  Refinery  
  16  0:50  SCV  
  17  1:03  SCV  
  18  1:15  SCV  
  19  1:28  Orbital Command, Reaper  
  20  1:48  Command Center  
  20  1:55  SCV  
  20  1:57  Supply Depot  
  20  2:00  Marine  
  22  2:07  SCV  
  23  2:12  Factory  
  23  2:19  SCV  
  23  2:21  Barracks Reactor  
  24  2:23  Refinery  
  24  2:31  SCV  
  24  2:42  Bunker  
  24  2:43  SCV  
  25  2:55  SCV  
  25  2:56  Hellion  
  25  2:57  Starport, Marine x2  
  30  3:07  SCV  
  31  3:15  Marine x2, Orbital Command  
  31  3:19  SCV  
  34  3:20  Factory Tech Lab  
  34  3:31  SCV  
  34  3:33  Marine x2  
  37  3:38  Supply Depot  
  38  3:41  SCV  
  38  3:43  Raven, SCV  
  38  3:45  Factory Tech Lab  
  41  3:51  Marine x2  
  41  3:52  Supply Depot  
  41  3:53  SCV  
  44  3:56  SCV  
  45  4:03  Supply Depot  
  45  4:04  Siege Tank  
  45  4:05  SCV  
  45  4:08  SCV  
  50  4:10  Marine x2  
  52  4:18  Supply Depot  
  52  4:19  SCV  
  52  4:20  SCV  
  54  4:28  Marine x2  
  54  4:29  Barracks  
  56  4:33  SCV x2  
  56  4:36  Siege Tank  
  61  4:40  Supply Depot  
  61  4:45  SCV  
  61  4:46  SCV  
  61  4:47  Marine  
  61  4:48  Marine  
  61  4:52  Starport Reactor  
  65  4:57  SCV, Refinery, Barracks  
  65  4:58  SCV  
  67  5:02  Refinery  
  67  5:05  Marine x2, Supply Depot  
  69  5:10  SCV x2  
  69  5:11  Siege Tank  
  74  5:21  Stimpack  
  74  5:22  SCV  
  74  5:24  SCV  
  74  5:26  Marine  
  74  5:28  Marine, Supply Depot  
  79  5:36  Marine  
  79  5:43  Medivac x2, Engineering Bay  
  83  5:54  Factory Tech Lab  
  83  5:55  Combat Shield  
  83  5:58  Marine  
  83  5:59  Marine, Barracks x2  
  83  6:01  Marine x2  
  87  6:11  Terran Infantry Weapons Level 1  
  87  6:12  Supply Depot  
  87  6:15  Supply Depot  
  87  6:16  Missile Turret  
  87  6:17  Missile Turret  
  87  6:18  Marine x2  
  87  6:19  Marine  
  87  6:24  Marine  
  91  6:25  Medivac  
  91  6:28  Medivac  
  91  6:30  Siege Tank  
  98  6:36  Marine  
  98  6:37  Marine x2  
  101  6:41  Marine  
  102  6:47  Marine x2  
  96  6:54  Marine  
  96  6:57  Marine  
  96  6:58  Marine  
  88  7:05  Marine x3  
  74  7:12  Marine  
  74  7:14  Marine  
  71  7:16  Marine  
  71  7:17  SCV  
  71  7:20  SCV  
  74  7:22  Marine  
  74  7:23  Marine x2  
  74  7:29  Marine  
  74  7:31  SCV  
  74  7:32  SCV, Marine  
  74  7:33  Marine  
  79  7:37  Missile Turret  
  79  7:40  Marine  
  79  7:41  Marine x2  
  79  7:43  SCV  
  83  7:44  SCV  
  83  7:47  Marine  
Tags
 
Add a new tag
Caveats
  • Supply blocks, unpowered buildings, or Contaminate may cause inaccurate times.
  • Supply counts are checked every 10 seconds.